 Seeded DCSS version 0.32-a0-975-g85d4e5bfdb (webtiles) character file.

Game seed: 202404188 (custom seed)

81685 Orlauf the Dancer (level 15, 0/126 HPs)
             Began as a Demonspawn Gladiator on Apr 18, 2024.
             Was a Believer of Uskayaw.
             Engulfed by a death drake's foul pestilence (16 damage)
             ... in a Gauntlet.
             The game lasted 00:34:18 (21258 turns).

Orlauf the Dancer (Demonspawn Gladiator)           Turns: 21258, Time: 00:34:19

Health: 0/126      AC: 25    Str: 26    XL:     15   Next: 27%
Magic:  26/26      EV: 12    Int:  5    God:    Uskayaw [**....]
Gold:   1018       SH:  0    Dex: 16    Spells: 14/14 levels left

rFire   . . .        b - +0 scythe (venom)
rCold   + . .        (shield currently unavailable)
rNeg    + . .        e - +2 plate armour {rC+}
rPois   .            (helmet unavailable)
rElec   .            L - +0 cloak {Stlth+}
rCorr   +            T - +0 pair of gloves "Kibeutul" {rN+ rCorr Int-4 Stlth+}
SInv    .            j - +2 pair of slick slippers {slick, slippery, EV+4}
Will    +....        R - amulet of regeneration Stlth
                     r - ring of resist corrosion
HPRegen 1.21/turn    o - +6 ring of strength
MPRegen 0.20/turn

%: no teleportation
@: lethally poisoned (0 -> -9), slowed, wreathed by umbra, very slow
A: horns 3, slimy green scales 2, demonic magic 2, foul shadow 2
a: Renounce Religion, Stomp, Line Pass


You were in a Gauntlet.
You worshipped Uskayaw.
Uskayaw was pleased with you.
You visited 3 branches of the dungeon, and saw 19 of its levels.
You also visited: Gauntlet.

You collected 1018 gold pieces.

Inventory:

Hand Weapons
 a - a +5 glaive of freezing
 b - a +0 scythe of venom (weapon)
 g - a +5 trident
 D - a +2 trident of freezing
Missiles
 c - 45 poisoned darts
 d - 21 throwing nets (quivered)
 u - 3 curare-tipped darts
Armour
 e - a +2 plate armour of cold resistance (worn)
 j - the +2 pair of slick slippers (worn) {slick, slippery, EV+4}
   (You found it on level 11 of the Dungeon)

   Slick:     Its wearer cannot be constricted, engulfed, netted, webbed, or
   stopped by binding sigils.
   Slippery:  Its wearer slips away from damaging melee attacks, pulling the
   attacker onward.
   EV+4:      It affects your evasion (+4).
 l - a +4 plate armour
 J - a +0 pair of gloves
 L - a +0 cloak of stealth (worn)
 T - the +0 pair of gloves "Kibeutul" (worn) {rN+ rCorr Int-4 Stlth+}
   (You found it in a Gauntlet)

   Int-4:     It affects your intelligence (-4).
   rN+:       It protects you from negative energy.
   rCorr:     It protects you from acid and corrosion.
   Stlth+:    It makes you more stealthy.
Jewellery
 k - the amulet "Cyg Rebb" {Acrobat rElec rN+ Str+2}
   (You found it in a Gauntlet)

   [amulet of the acrobat]

   Acrobat:   It increases your evasion while moving and waiting.
   Str+2:     It affects your strength (+2).
   rElec:     It insulates you from electricity.
   rN+:       It protects you from negative energy.
 o - a +6 ring of strength (right hand)
 r - a ring of resist corrosion (left hand)
 t - a ring of poison resistance
 x - a ring of magical power
 B - a ring of ice
 C - a ring of positive energy
 K - an amulet of reflection
 R - an amulet of regeneration (around neck)
 Z - a ring of ice
Wands
 i - a wand of quicksilver (5)
 A - a wand of paralysis (8)
 G - a wand of mindburst (17)
 M - a wand of flame (1)
 S - a wand of polymorph (8)
Scrolls
 f - a scroll of revelation
 h - a scroll of fog
 m - 6 scrolls of immolation
 p - 4 scrolls of fear
 q - 4 scrolls of enchant armour
 s - a scroll of poison
 v - 10 scrolls of teleportation
 y - 2 scrolls of vulnerability
 H - 4 scrolls of identify
 W - a scroll of enchant weapon
 X - a scroll of summoning
Potions
 n - 2 potions of invisibility
 w - a potion of haste
 z - 2 potions of mutation
 F - 4 potions of enlightenment
 I - a potion of cancellation
 N - 2 potions of brilliance
 Q - a potion of heal wounds
 U - 2 potions of attraction
Miscellaneous
 O - a Gell's gravitambourine (2/2)
 P - a lightning rod (4/4)
 V - a tin of tremorstones (2/2)


   Skills:
 - Level 14.0 Fighting
 * Level 14.6 Polearms
 - Level 1.7 Throwing
 + Level 12.3 Armour
 - Level 2.6 Dodging
 + Level 15.5 Invocations
 + Level 3.9 Evocations


You had 14 spell levels left.
You didn't know any spells.
Your spell library contained the following spells:

 Spells                   Type           Power      Damage    Failure   Level
 Kiss of Death            Conj/Necr      0%         2d5       99%         1
 Magic Dart               Conj           0%         1d3       99%         1
 Shock                    Conj/Air       0%         1d3       99%         1
 Cigotuvi's Dreadful Rot  Necr/Alch/Air  0%         N/A       100%        2
 Ensorcelled Hibernation  Hex/Ice        0%         N/A       100%        2
 Searing Ray              Conj           0%         2d4       100%        2
 Confusing Touch          Hex            0%         N/A       100%        3
 Dazzling Flash           Conj/Hex       0%         N/A       100%        3
 Fugue of the Fallen      Necr           0%         N/A       100%        3
 Mephitic Cloud           Conj/Alch/Air  0%         N/A       100%        3
 Passwall                 Erth           0%         N/A       100%        3
 Swiftness                Air            0%         N/A       100%        3
 Volatile Blastmotes      Fire/Tloc      0%         2d10      100%        3
 Airstrike                Air            0%         2d(0-16)  100%        4
 Anguish                  Hex/Necr       0%         N/A       100%        4
 Animate Dead             Necr           0%         N/A       100%        4
 Dispel Undead            Necr           0%         3d6       100%        4
 Fulminant Prism          Conj/Alch      0%         3d5       100%        4
 Ignite Poison            Fire/Alch      0%         N/A       100%        4
 Vhi's Electric Charge    Tloc/Air       0%         N/A       100%        4
 Borgnjor's Vile Clutch   Necr/Erth      0%         N/A       100%        5
 Freezing Cloud           Conj/Ice/Air   0%         6-21      100%        5
 Silence                  Hex/Air        0%         N/A       100%        5
 Death Channel            Necr           0%         N/A       100%        6
 Gell's Gavotte           Tloc           0%         2d(11-16) 100%        6


Dungeon Overview and Level Annotations

Branches:
Dungeon (13/15)            Temple (1/1) D:5            Lair (5/5) D:9
 Shoals (0/4) Lair:3       Spider (0/4) Lair:2        Slime (0/5) Lair:5
    Orc (0/2) D:11        Gauntlet (1/1)
 Vaults: D:13-14

Altars:
Ashenzari
Cheibriados
Dithmenos
Fedhas
Gozag
Hepliaklqana
Kikubaaqudgha
Makhleb
Nemelex Xobeh
Okawaru
Qazlal
Ru
Sif Muna
Trog
Uskayaw
Vehumet
Wu Jian
Xom
Yredelemnul
Jiyva

Annotations:
Lair:3 1 runed translucent door, Pokonic1's ghost, journeyman DsAl
Lair:5 exclusion: oklob plant Gauntlet 17 runed translucent doors, 7 transporters


Innate Abilities, Weirdness & Mutations

You have a pair of large horns on your head.
You are mostly covered in slimy green scales. (AC +3)
Spells you cast may paralyse nearby enemies.
You are shadowed, sometimes releasing foul flame when damaged in melee.


Message History

You slash the death drake!
The death drake is heavily wounded.
You feel very sick. The death drake misses you.
You hit the death drake.
The death drake is heavily wounded.
You feel very sick. The death drake bites you.
You slip backwards!
The death drake breathes miasma at you.
The foul vapour engulfs you but does no damage.
You closely miss the death drake.
The death drake is heavily wounded.
You are engulfed in dark miasma.
You are more poisoned.
You feel as though you will be slow longer.
You feel extremely sick.
The death drake bites you but does no damage.
You are too injured to fight recklessly!
You hit the death drake.
The death drake is heavily wounded.
You are engulfed in dark miasma.
You are more poisoned.
You feel as though you will be slow longer.
* * * LOW HITPOINT WARNING * * *
You feel extremely sick. The death drake breathes miasma at you.
The foul vapour engulfs you!
You are lethally poisoned!
You feel as though you will be slow longer.
* * * LOW HITPOINT WARNING * * *
You feel better.
You are engulfed in dark miasma.
You are poisoned.
* * * LOW HITPOINT WARNING * * *
x2 You feel extremely sick.
The death drake closely misses you. The death drake barely misses you.
You feel better.
You are engulfed in dark miasma.
You are poisoned.
You feel as though you will be slow longer.
You die...
Your body falls in perfect tune with the rhythm.

# ### # ß# #ß #ß# #ß# #ß# ß#
##########################
..........................
..........................
###########...###########..#
#.........#.ß.#.........#..#
#.#.#.#.#.#...#..k###...#..#
#..#.#.#..#####.@..#..."#..#####
#.#.#.#.#.#...#.#.©#..#}#..#≈ß≈#
#..#.©.#.©#©.©#.######.©#..#...##
#.#.#.#.#.#...#.#Z.#..#$#..#.ß...
#..#.#.#..#####....#....#..#...#
#.#.#.#.#.#...#...###..Z#..#.ß.##
#.........#...#......ZZk#..#.....
###########...###########..#...##
..........§.§§§........§§§≈#.©.##


You could see a death drake and a centaur warrior zombie.

Vanquished Creatures
  A green death (Gauntlet)
  Harold (Lair:1)
  2 hydras (Lair:3)
  2 catoblepae
  4 boulder beetles
  3 centaur warriors
  7 death yaks
  6 two-headed ogres
  4 anacondas (D:11)
  2 tengu warriors (D:10)
  A fire crab (Lair:5)
  Amaemon (Lair:1)
  3 skysharks (D:11)
  2 spectral death yaks (Lair:5)
  A spectral anaconda (Lair:5)
  An arcanist (Gauntlet)
  2 lindwurms
  An obsidian statue (Lair:5)
  3 necromancers (Lair:5)
  3 deep elf pyromancers
  A wolf spider (Lair:3)
  2 ugly things
  3 cyclopes
  2 manticores
  19 elephants
  A dire elephant zombie (Lair:5)
  A centaur zombie (Gauntlet)
  3 black mambas
  3 orange demons
  2 gargoyles (D:12)
  3 unseen horrors
  19 cane toads
  3 kobold demonologists
  An efreet (D:10)
  Jeremiah (D:8)
  8 rime drakes
  12 komodo dragons
  4 trolls
  3 polar bears
  8 merfolk
  A tarantella (Lair:2)
  A hornet (D:9)
  8 blink frogs
  A vampire (D:11)
  6 wyverns
  Sigmund (D:6)
  3 wraiths
  A slime creature (D:10)
  76 yaks
  5 basilisks
  2 humans (D:12)
  2 vampire mosquitoes (D:9)
  A warg (D:11)
  A redback (Lair:2)
  A steam dragon (D:10)
  A spectral cane toad (Lair:5)
  An acid dragon (D:9)
  Edmund (D:6)
  11 water moccasins
  9 orc warriors
  2 ice beasts (D:7)
  4 black bears
  3 elephant zombies (Lair:5)
  An ogre (D:6)
  15 centaurs
  23 wolves
  8 kobold brigands
  A phantom (D:2)
  A gnoll sergeant (D:9)
  12 bullfrogs
  A scorpion (D:5)
  A cane toad simulacrum (Lair:5)
  5 wights (D:8)
  17 killer bees
  2 elephant simulacra (Lair:5)
  5 howler monkeys
  2 bombardier beetles
  5 hounds
  3 gnoll boudas
  7 orc priests
  A boggart zombie (Gauntlet)
  An iguana (D:5)
  11 orc wizards
  9 gnolls
  5 adders
  3 shadow imps
  3 white imps
  2 dart slugs
  A ribbon worm (D:4)
  23 orcs
  6 bats
  5 endoplasms
  3 hobgoblins
  4 jackals (D:4)
  4 quokkas
  5 ball pythons
  5 frilled lizards
  8 goblins
  23 kobolds
  3 rats
525 creatures vanquished.

Vanquished Creatures (others)
  A slime creature (D:10)
  A yak (Lair:3)
2 creatures vanquished.

Grand Total: 527 creatures vanquished

Notes
Turn   | Place    | Note
-------+----------+-------------------------------------------
     0 | D:1      | Orlauf the Demonspawn Gladiator began the quest for the
                  | Orb.
     0 | D:1      | Reached XP level 1. HP: 16/16 MP: 1/1
   264 | D:1      | Gained mutation: You have a pair of small horns on your
                  | head. [demonic ancestry]
   264 | D:1      | Reached XP level 2. HP: 7/22 MP: 2/2
   783 | D:2      | Reached XP level 3. HP: 15/28 MP: 3/3
  1424 | D:2      | Noticed a phantom
  1433 | D:2      | Killed a phantom
  1434 | D:2      | Reached XP level 4. HP: 22/35 MP: 4/4
  1844 | D:3      | Reached XP level 5. HP: 41/41 MP: 5/5
  2007 | D:4      | Found a broken altar of Ashenzari.
  2307 | D:4      | Reached skill level 5 in Polearms
  2556 | D:5      | Entered Level 5 of the Dungeon
  2573 | D:5      | Gained mutation: You are faintly shadowed, very rarely
                  | releasing foul flame when damaged in melee. [demonic
                  | ancestry]
  2573 | D:5      | Reached XP level 6. HP: 17/48 MP: 6/6
  2778 | D:5      | Found a radiant altar of Vehumet.
  2866 | D:5      | Found a sparkling altar of Nemelex Xobeh.
  3114 | D:5      | Found a staircase to the Ecumenical Temple.
  3120 | Temple   | Entered the Ecumenical Temple
  3814 | D:6      | Identified the +1 scale mail of Innol {rElec MP-9 Str+2}
  3829 | D:6      | Noticed a water moccasin
  3830 | D:6      | Noticed Sigmund
  3849 | D:6      | Gained mutation: You are partially covered in slimy green
                  | scales. (AC +2) [demonic ancestry]
  3849 | D:6      | Reached XP level 7. HP: 23/55 MP: 7/7
  3854 | D:6      | Reached skill level 5 in Fighting
  3875 | D:6      | Killed Sigmund
  4035 | D:6      | Noticed Edmund
  4054 | D:6      | Killed Edmund
  4161 | D:6      | Gained mutation: You have a pair of horns on your head.
                  | [demonic ancestry]
  4161 | D:6      | Reached XP level 8. HP: 25/64 MP: 8/8
  4466 | D:6      | Found a sacrificial altar of Ru.
  4761 | D:6      | Found a hide-covered altar of Uskayaw.
  4765 | D:6      | Became a worshipper of Uskayaw the Reveller
  4937 | D:7      | Reached * piety under Uskayaw
  4939 | D:7      | Reached skill level 1 in Invocations
  4941 | D:7      | Reached ** piety under Uskayaw
  5082 | D:7      | Reached skill level 2 in Invocations
  5086 | D:7      | Reached *** piety under Uskayaw
  5372 | D:7      | Found a burning altar of Makhleb.
  5448 | D:8      | Reached skill level 3 in Invocations
  5454 | D:8      | Reached XP level 9. HP: 29/72 MP: 11/11
  5457 | D:8      | Noticed a troll
  5461 | D:8      | Reached **** piety under Uskayaw
  5465 | D:8      | Reached skill level 4 in Invocations
  5466 | D:8      | Reached ***** piety under Uskayaw
  5468 | D:8      | Killed a troll
  5735 | D:8      | Reached skill level 5 in Invocations
  5843 | D:8      | Noticed Jeremiah
  5872 | D:8      | Killed Jeremiah
  6107 | D:8      | Reached skill level 6 in Invocations
  6770 | D:9      | Gained mutation: Spells you cast may paralyse adjacent
                  | enemies. [demonic ancestry]
  6770 | D:9      | Reached XP level 10. HP: 55/84 MP: 14/14
  6958 | D:9      | Reached skill level 10 in Fighting
  6958 | D:9      | Reached skill level 7 in Invocations
  7234 | D:9      | Found a staircase to the Lair.
  7442 | D:9      | Noticed a two-headed ogre
  7452 | D:9      | Killed a two-headed ogre
  7458 | D:9      | Reached skill level 10 in Polearms
  7471 | D:9      | Reached ****** piety under Uskayaw
  7474 | D:9      | Noticed a purple ugly thing
  7475 | D:9      | Killed a purple ugly thing
  7476 | D:9      | Reached skill level 8 in Invocations
  7523 | D:9      | Noticed a boulder beetle
  7536 | D:9      | Killed a boulder beetle
  7693 | D:9      | Gained mutation: You have a pair of large horns on your
                  | head. [demonic ancestry]
  7693 | D:9      | Reached XP level 11. HP: 92/92 MP: 17/17
  7791 | D:9      | Noticed a two-headed ogre
  7798 | D:9      | Killed a two-headed ogre
  7799 | D:9      | Reached skill level 9 in Invocations
  8002 | D:10     | Entered Level 10 of the Dungeon
  8113 | D:10     | Reached skill level 1 in Armour
  8160 | D:10     | Noticed a two-headed ogre
  8176 | D:10     | Killed a two-headed ogre
  8564 | D:10     | Found a snail-covered altar of Cheibriados.
  8649 | D:10     | Noticed a two-headed ogre
  8661 | D:10     | Killed a two-headed ogre
  8834 | D:10     | Found a shimmering altar of Xom.
  8856 | D:10     | Reached skill level 10 in Invocations
  9105 | D:10     | Noticed a two-headed ogre
  9123 | D:10     | Killed a two-headed ogre
  9191 | D:10     | Reached skill level 5 in Armour
  9323 | D:10     | Noticed a tengu warrior
  9345 | D:10     | Killed a tengu warrior
  9602 | D:10     | Noticed a tengu warrior
  9602 | D:10     | Noticed a deep elf pyromancer
  9602 | D:10     | Noticed a boulder beetle
  9602 | D:10     | Noticed a centaur warrior
  9606 | D:10     | Killed a centaur warrior
  9607 | D:10     | Reached XP level 12. HP: 101/101 MP: 18/20
  9611 | D:10     | Noticed a centaur warrior
  9622 | D:10     | Killed a tengu warrior
  9633 | D:10     | Reached skill level 11 in Invocations
  9634 | D:10     | Killed a centaur warrior
  9813 | D:10     | Killed a boulder beetle
 10042 | D:10     | Found a basalt altar of Yredelemnul.
 10276 | Lair:1   | Entered Level 1 of the Lair of Beasts
 10540 | Lair:1   | Noticed Amaemon
 10556 | Lair:1   | Killed Amaemon
 10556 | Lair:1   | HP: 1/102 [asphyx]
 10878 | Lair:1   | Noticed Harold
 10891 | Lair:1   | Killed Harold
 11321 | Lair:2   | You fall into a shaft and drop 2 floors!
 11528 | Lair:4   | Reached skill level 12 in Invocations
 11712 | Lair:3   | Found a staircase to the Shoals.
 11897 | Lair:3   | Noticed a seven-headed hydra
 11912 | Lair:3   | Killed a nine-headed hydra
 11929 | Lair:3   | Gained mutation: Spells you cast may paralyse nearby
                  | enemies. [demonic ancestry]
 11929 | Lair:3   | Reached XP level 13. HP: 97/109 MP: 22/22
 12032 | Lair:3   | Found a runed translucent door.
 12908 | Lair:2   | Reached skill level 13 in Invocations
 13845 | Lair:2   | Reached skill level 10 in Armour
 13973 | Lair:2   | Found a hole to the Spider Nest.
 14794 | Lair:3   | Identified the orb "Lulafowk" {mayhem, Rampage rElec rF-
                  | Stlth+}
 15093 | Lair:3   | Noticed Pokonic1's ghost (journeyman DsAl)
 15303 | Lair:4   | Gained mutation: You are shadowed, sometimes releasing foul
                  | flame when damaged in melee. [demonic ancestry]
 15303 | Lair:4   | Reached XP level 14. HP: 114/118 MP: 24/24
 15818 | Lair:4   | Reached skill level 14 in Invocations
 15953 | Lair:5   | Entered Level 5 of the Lair of Beasts
 17480 | Lair:5   | Found a blossoming altar of Fedhas.
 17748 | Lair:5   | Found a staircase to the Slime Pits.
 17749 | Lair:5   | Found a viscous altar of Jiyva.
 18040 | Lair:5   | Reached skill level 1 in Evocations
 18471 | D:11     | Found a staircase to the Orcish Mines.
 18554 | D:11     | Found a runed translucent door.
 18584 | D:11     | Found the +2 pair of slick slippers {slick, slippery, EV+4}
 18883 | D:11     | Reached skill level 15 in Invocations
 19373 | D:11     | Gained mutation: You are mostly covered in slimy green
                  | scales. (AC +3) [demonic ancestry]
 19373 | D:11     | Reached XP level 15. HP: 75/126 MP: 26/26
 20423 | D:12     | Found an iron altar of Okawaru.
 20921 | D:13     | Found a gate leading to a gauntlet.
 20930 | Gauntlet | Entered a Gauntlet
 20930 | Gauntlet | Found a large runed translucent door.
 20930 | Gauntlet | Found a large runed translucent door.
 20930 | Gauntlet | Found a large runed translucent door.
 20930 | Gauntlet | Found a large runed translucent door.
 20930 | Gauntlet | Found a large runed translucent door.
 20930 | Gauntlet | Found a large runed translucent door.
 20930 | Gauntlet | Found a large runed translucent door.
 20930 | Gauntlet | Found a large runed translucent door.
 20930 | Gauntlet | Found a runed translucent door.
 20930 | Gauntlet | Found a runed translucent gate.
 20930 | Gauntlet | Found a transporter.
 20930 | Gauntlet | Found a transporter.
 20930 | Gauntlet | Found a runed translucent gate.
 20930 | Gauntlet | Found a transporter.
 20931 | Gauntlet | Found a transporter.
 20934 | Gauntlet | Found a transporter.
 20934 | Gauntlet | Found a transporter.
 20939 | Gauntlet | Found a runed translucent gate.
 20940 | Gauntlet | Found a large runed translucent door.
 20941 | Gauntlet | Found a large runed translucent door.
 20946 | Gauntlet | Found a transporter.
 20949 | Gauntlet | Found a transporter.
 20949 | Gauntlet | Found a transporter.
 20949 | Gauntlet | Found a transporter.
 20960 | Gauntlet | Found a transporter.
 20977 | Gauntlet | Found a transporter.
 21042 | Gauntlet | Found a runed translucent door.
 21043 | Gauntlet | Found a large runed translucent door.
 21043 | Gauntlet | Found a large runed translucent door.
 21043 | Gauntlet | Found a large runed translucent door.
 21044 | Gauntlet | Found a large runed translucent door.
 21045 | Gauntlet | Found a large runed translucent door.
 21045 | Gauntlet | Found a large runed translucent door.
 21104 | Gauntlet | Identified the amulet "Cyg Rebb" {Acrobat rElec rN+ Str+2}
 21216 | Gauntlet | Identified the +0 pair of gloves "Kibeutul" {rN+ rCorr
                  | Int-4 Stlth+}
 21258 | Gauntlet | Engulfed by a death drake's foul pestilence

Illustrated notes

Levels and vault maps discovered:
D:1:      co_arrival_square_in_a_square_in_a_square, layout_loops_cross
D:2:      layout_basic
D:3:      layout_rooms
D:4:      layout_gridville, cheibrodos_ashenzari_chains, serial_bayou,
          serial_bayou_pond_a, serial_bayou_pond_b, serial_bayou_pond_d,
          serial_bayou_shore_b
D:5:      layout_basic, nemelex_spade_bored_becter, nicolae_vehumet_altar_sigil,
          minmay_temple_entry_enclosed_plants, minmay_gold_behind_fungi
D:6:      layout_basic, kennysheep_mini, mainiacjoe_overflow_small_starburst,
          uniq_edmund, uniq_sigmund
D:7:      layout_cave_pools, mainiacjoe_overflow_alcove_4, serial_column_ruins,
          column_ruins_hut, column_ruins_columns_corner, column_ruins_grid_1,
          column_ruins_open_large, column_ruins_grid_3,
          column_ruins_columns_straight, column_ruins_open_small,
          grunt_ministairs_4
D:8:      layout_loops_cross, uniq_jeremiah
D:9:      layout_loops_cross, dpeg_oklobed_lair, minmay_pinched_square
D:10:     minmay_the_grid_square_5x5_4x4
          [minmay_the_grid_square_5x5_almost_minimal,
          minmay_the_grid_square_5x5_gyroscope,
          minmay_the_grid_square_5x5_beaten_path,
          minmay_the_grid_square_5x5_eight_small,
          minmay_the_grid_square_5x5_lines,
          minmay_the_grid_square_5x5_prize_rear_guard,
          minmay_the_grid_square_5x5_prize_pseudospiral,
          minmay_the_grid_square_5x5_shrine1,
          minmay_the_grid_square_5x5_checkered_statues,
          minmay_the_grid_square_5x5_prize_monsterx,
          minmay_the_grid_square_5x5_prize_waves,
          minmay_the_grid_square_5x5_minimal,
          minmay_the_grid_square_5x5_checkered_sparse,
          minmay_the_grid_square_5x5_inner_z, minmay_the_grid_square_5x5_meh,
          minmay_the_grid_square_5x5_c], layout_loops_ring,
          grunt_temple_overflow_open, old_standard_altar
D:11:     layout_small_grid, david_orc_3, nicolae_guarded_unrand_slippers,
          uniq_fannar
D:12:     layout_long_grid, okawaru_humans
D:13:     layout_basic, gauntlet_entry_generic
Temple:   hellmonk_temple_forest_ring
Lair:1:   layout_regular_city, uniq_harold, uniq_amaemon
Lair:2:   layout_roguey, spider_nest_entry_rubble, nzn_random_ring
Lair:3:   layout_roguey, elwin_shoals_entry_stream,
          ebering_ghost_reflecting_pool, nicolae_lair_run_with_the_wolves
Lair:4:   layout_long_grid, beast_lair_carwin_5
Lair:5:   due_jungle_book, layout_regular_city, slime_entry_1, tgw_fedhas,
          grunt_megastairs_3, lemuel_fruit_tree, lemuel_fruit_fields
Gauntlet: gammafunk_gauntlet_hard_choice [gammafunk_gauntlet_arena_crates,
          minmay_gauntlet_arena_make_your_own_arena,
          gammafunk_gauntlet_arena_chambers, gammafunk_gauntlet_arena_grid,
          nicolae_gauntlet_arena_flowing_pool, nicolae_gauntlet_arena_t_cross,
          gauntlet_exit_green]

Skill      XL: |  1  2  3  4  5  6  7  8  9 10 11 12 13 14 15 |
---------------+----------------------------------------------+-----
Polearms       | 3 4 5 6 7 8 9 10 11 12 13 14 | 14.6
Fighting       | 3 4 5 7 9 10 11 12 13 14 | 14.0
Invocations    | 3 6 8 10 12 13 15 | 15.5
Armour         | 5 8 10 12 | 12.3
Evocations     | 2 3 |  3.9
Throwing       | |  1.7
Dodging        | |  2.6

Action                     |  1- 3 |  4- 6 |  7- 9 | 10-12 | 13-15 || total
---------------------------+-------+-------+-------+-------+-------++-------
  Melee: Trident           |   122 |   191 |    45 |   115 |     9 ||   482
         Headbutt          |     9 |    29 |    38 |   112 |   228 ||   416
         Halberd           |       |       |   173 |   312 |   697 ||  1182
         Glaive            |       |       |       |    68 |   197 ||   265
  Throw: Throwing net      |     2 |     1 |     3 |       |     2 ||     8
 Invoke: Grand Finale      |       |       |       |     2 |     1 ||     3
  Evoke: Wand              |       |       |     4 |    12 |       ||    16
         Gell's gravitambo |       |       |       |     1 |       ||     1
         Lightning rod     |       |       |       |       |     2 ||     2
    Use: Scroll            |     3 |     6 |     6 |     7 |     9 ||    31
         Potion            |       |     1 |     3 |     5 |     6 ||    15
   Stab: Held in net/web   |     1 |     1 |     1 |       |       ||     3
         Sleeping          |     1 |       |       |       |       ||     1
         Paralysed         |       |       |     6 |    69 |   101 ||   176
         Petrified         |       |       |       |       |     6 ||     6
 Armour: Leather armour    |    42 |       |       |       |       ||    42
         Scale mail        |    16 |       |       |       |       ||    16
         Ring mail         |     7 |    15 |       |       |       ||    22
         Plate armour      |       |   152 |   158 |   398 |   844 ||  1552
  Dodge: Dodged            |    64 |    44 |    46 |   149 |   301 ||   604
  Block: Other             |       |       |       |       |     7 ||     7
         Reflection        |       |       |       |       |     4 ||     4

Table legend: (Time is in decaauts)
 A = Elapsed time spent in this place.
 B = Non-inter-level travel time spent in this place.
 C = Inter-level travel time spent in this place.
 D = Time resting spent in this place.
 E = Time spent auto-exploring this place.
 F = Levels seen in this place.
 G = Mean time per level.
                   A        B        C        D        E       F      G
               +--------+--------+--------+--------+--------+-----+--------+
         Total |  21133 |  20468 |    665 |   2986 |  13730 |  20 | 1056.7 |
       Dungeon |  12697 |  12343 |    354 |   1721 |   8419 |  13 |  976.7 |
        Temple |      7 |      7 |      0 |      0 |      0 |   1 |    7.0 |
          Lair |   8102 |   7792 |    310 |   1185 |   5310 |   5 | 1620.4 |
      Gauntlet |    326 |    326 |      0 |     79 |      0 |   1 |  326.0 |
               +--------+--------+--------+--------+--------+-----+--------+

Top non-repeatable levels by time:
  Lair:5: 2345 daAuts
    D:10: 2234 daAuts
  Lair:2: 1871 daAuts
  Lair:3: 1351 daAuts
  Lair:1: 1344 daAuts
     D:9: 1308 daAuts
    D:11: 1306 daAuts
     D:8: 1294 daAuts
     D:6: 1197 daAuts
  Lair:4: 1189 daAuts
    D:12: 1047 daAuts
     D:5: 1031 daAuts
     D:1: 776 daAuts
     D:2: 765 daAuts
     D:7: 619 daAuts
